Cogmind - Beta 15 @@@ ROGUE MODE // 2025.08.12 @ 21:16:17 Player: Waste Result: Destroyed by 87-5TR(R) with Subdweller Shrapnel Launcher Performance ------------- Evolutions (0) 0 Regions Visited (2) 400 Robots Destroyed (19) 95 Value Destroyed (573) 573 Prototype IDs (0) 0 Alien Tech Used (0) 0 Bonus (0) 0 TOTAL SCORE: 1068 Bonus ------- None Cogmind --------- Core Integrity 0/250 Matter 296/300 Energy 238/250 System Corruption 0% Temperature Cool (0) Movement Treading (320) Ox2 Location -10/Subcaves Parts ------- > --- POWER (1) -------- Ion Engine > --- PROPULSION (2) --- Light Treads Light Treads > --- UTILITY (2) ------ Improved Heat Sink Huge Storage Unit > --- WEAPON (2) ------- Subdweller Beam Cannon Subdweller Machine Gun > --- INVENTORY (25) --- Ion Engine Subdweller Power Source Light Nuclear Core Aluminum Leg Aluminum Leg Wheel Subdweller Monowheel Subdweller Monowheel Subdweller Monowheel High-capacity Storage Unit Subdweller Optics Subdweller Optics Signal Interpreter Terrain Scanner Weapon Shielding Medium Laser Beam Cannon Assault Rifle Assault Rifle Subdweller Machine Gun Light Cannon Subdweller Shrapnel Launcher Subdweller Shrapnel Launcher Peak State ------------ > --- POWER ------------ Ion Engine > --- PROPULSION ------- Wheel Wheel > --- UTILITY ---------- Improved Heat Sink Huge Storage Unit > --- WEAPON ----------- Subdweller Laser Subdweller Beam Cannon > --- INVENTORY -------- Ion Engine Subdweller Power Source Light Nuclear Core Light Treads Light Treads Aluminum Leg Aluminum Leg Wheel Subdweller Monowheel Subdweller Monowheel Subdweller Monowheel High-capacity Storage Unit Subdweller Optics Subdweller Optics Signal Interpreter Terrain Scanner Weapon Shielding Medium Laser Beam Cannon Assault Rifle Assault Rifle Subdweller Machine Gun Light Cannon Subdweller Shrapnel Launcher [Rating: 14] Favorites ----------- Power Ion Engine Engine Ion Engine Propulsion Aluminum Leg Treads Light Treads Leg Aluminum Leg Wheel Wheel Utility Huge Storage Unit Device Seismic Detector Storage Huge Storage Unit Hackware Hacking Suite Weapon Assault Rifle Energy Gun Subdweller Laser Energy Cannon Beam Cannon Ballistic Gun Assault Rifle Build | -11 -10 -10 ------- Run | Yrd Mat Sub Slots Evolved . | . . . Power . | . . . Propulsion . | . . . Utility . | . . . Weapon . | . . . Parts Attached 16 | . 6 10 Power 1 | . 1 . Engine 1 | . 1 . Core . | . . . Reactor . | . . . Propulsion 5 | . 1 4 Treads 2 | . . 2 Leg 1 | . 1 . Wheel 2 | . . 2 Hover . | . . . Flight . | . . . Utility 4 | . 3 1 Device 2 | . 1 1 Storage 1 | . 1 . Processor . | . . . Hackware 1 | . 1 . Protection . | . . . Artifact . | . . . Weapon 6 | . 1 5 Energy Gun 1 | . . 1 Energy Cannon 3 | . . 3 Ballistic Gun 2 | . 1 1 Ballistic Cannon . | . . . Launcher . | . . . Special Weapon . | . . . Impact Weapon . | . . . Slashing Weapon . | . . . Piercing Weapon . | . . . Special Melee Weapon . | . . . Unidentified Prototypes . | . . . Parts Lost 6 | . 2 4 Power 1 | . 1 . Propulsion 3 | . 1 2 Utility 1 | . . 1 Weapon 1 | . . 1 Highest Loss Streak 3 | . 1 3 To Critical Strikes . | . . . Average Backups 19 | . 15 23 Power 2 | . 1 2 Propulsion 7 | . 6 8 Utility 4 | . 3 5 Weapon 5 | . 4 7 Tool/Special . | . . . Unused Backups 29 | . . 29 Power 3 | . . 3 Propulsion 9 | . . 9 Utility 7 | . . 7 Weapon 10 | . . 10 Tool/Special . | . . . Average Slot Usage (%) 96 | . 99 93 Engine 14 | . 14 14 Treads 3 | . . 6 Leg 13 | . 28 . Wheel 11 | . . 21 Device 10 | . 13 8 Storage 14 | . 14 14 Energy Gun 4 | . . 8 Energy Cannon 8 | . . 15 Ballistic Gun 15 | . 28 4 Peak Build Rating 14 | . 9 14 Average Rating 9 | . 8 11 On Entrance 7 | 6 6 9 Naked Turns . | . . . Heaviest Build 98 | 14 90 98 Greatest Support 40 | 20 20 40 Greatest Overweight (x) 4 | . 4 4 Average Overweight (x) 3 | . 3 3 Largest Inventory Capacity 25 | . 25 25 Average Capacity 24 | . 23 25 Most Carried 25 | . 24 25 Average Carried 19 | . 15 23 Final Capacity 25 | 8 25 25 Final Carried 23 | 6 23 23 Class Distribution -------------------- 100% | Mutant Dominant Class ---------------- Mutant | -10/Materials Mutant | -10/Subcaves Resources | -11 -10 -10 ----------- Run | Yrd Mat Sub Matter Collected 594 | 200 265 129 Remotely . | . . . Salvage Created 926 | . 545 381 Parts 58 | . 34 24 Haulers Intercepted . | . . . Recyclers Shooed 1 | . 1 . Parts Field Recycled . | . . . Retrieved Matter . | . . . Parts Self-Destructed 15 | . . 15 Prevented . | . . . Kills | -11 -10 -10 ------- Run | Yrd Mat Sub Combat Hostiles Destroyed 14 | . 9 5 Guns 10 | . 9 1 Cannons 4 | . . 4 Classes Destroyed 7 | . 5 2 Worker 2 | . 2 . Builder 1 | . 1 . Recycler 1 | . 1 . Operator 1 | . 1 . Grunt 10 | . 9 1 Sentry 1 | . . 1 Subdweller 3 | . . 3 Best Kill Streak 4 | . 4 3 Combat Bots Only 3 | . 2 3 Max Kills in Single Turn 2 | . 2 1 Gunslinging . | . . . Exploded . | . . . Melee . | . . . Uniques/NPCs Destroyed . | . . . Combat | -11 -10 -10 -------- Run | Yrd Mat Sub Hostile Shots Fired 77 | . 61 16 Missed 20 | . 18 2 Hits 57 | . 43 14 Projectile 57 | . 43 14 AOE 2 | . . 2 Critical Strikes 2 | . 2 . Damage Taken 924 | . 571 353 Core 252 | . 138 114 Absorbed by Shields . | . . . Core Remaining (%) 100 | 100 . . Volleys Fired 72 | . 42 30 Largest 2 | . 2 2 Hottest 140 | . 40 140 Shots Fired 143 | . 84 59 Gun 108 | . 84 24 Cannon 35 | . . 35 Launcher . | . . . Special . | . . . Kinetic 89 | . 84 5 Thermal 54 | . . 54 Explosive . | . . . Electromagnetic . | . . . Robot Hit Streak 13 | . 13 9 Robot Miss Streak 2 | . 2 1 Penetration Max . | . . . Secondary Targets 1 | . 1 . Max Gunslinging Chain 1 | . 1 . Shots Hit Robots 100 | . 60 40 Core Hits 37 | . 27 10 Critical Kills 1 | . 1 . Critical Parts Destroyed . | . . . Critical Strikes 2 | . 1 1 Destroy 2 | . 1 1 Melee Attacks . | . . . Impact . | . . . Slashing . | . . . Piercing . | . . . Sneak Attacks . | . . . Combat Hostiles . | . . . Follow-up Attacks . | . . . Damage Inflicted 1522 | . 788 734 Guns 1023 | . 769 254 Cannons 480 | . . 480 Explosions . | . . . Melee . | . . . Ramming 19 | . 19 . Kinetic 822 | . 769 53 Thermal 681 | . . 681 Explosive . | . . . Electromagnetic . | . . . Impact . | . . . Slashing . | . . . Piercing . | . . . Highest Corruption . | . . . Average Corruption . | . . . Corruption Purged . | . . . Corruption Blocked . | . . . Overload Shots . | . . . Overflow Damage . | . . . Projectiles . | . . . Explosions . | . . . Melee . | . . . Knockbacks . | . . . Impact . | . . . Kinetic . | . . . Secondary . | . . . Self-Inflicted Damage . | . . . Shots . | . . . Rammed . | . . . Targets Rammed 2 | . 2 . Kicked 2 | . 2 . Crushed . | . . . Highest Temperature 54 | . 26 54 Average Temperature 13 | . 7 21 Received Heat Transfer 363 | . 345 18 Siege Activations . | . . . Martial Activations . | . . . Shielding Activations . | . . . Robots Disrupted . | . . . Combat Hostiles . | . . . Robots Corrupted . | . . . Combat Hostiles . | . . . Parts Fried . | . . . Impact Corruptions . | . . . Robots Melted . | . . . Combat Hostiles . | . . . Parts Melted 1 | . . 1 Heat Transferred 1064 | . . 1064 Parts Sabotaged . | . . . Parts Stolen . | . . . Parts Stripped . | . . . Power Chain Reactions . | . . . Alert | -11 -10 -10 ------- Run | Yrd Mat Sub Maximum Alert Level . | . . . Low Security (%) 100 | . 100 . Level 1 . | . . . Level 2 . | . . . Level 3 . | . . . Level 4 . | . . . Level 5 . | . . . High Security . | . . . Max Security . | . . . Peak Influence 72 | . 72 . Initial . | . . . Average 13 | . 13 . Influence Increases 301 | . 261 40 Destroy 0b10 Robot/C 220 | . 180 40 Destroy 0b10 Robot/NC 25 | . 25 . Destroy Leader 40 | . 40 . Destroy Structure 1 | . 1 . Lose Combat Pursuer 15 | . 15 . Influence Decreases 301 | . 235 66 Entered New Map 14 | . . 14 Time Decay 257 | . 215 42 Lost Part 30 | . 20 10 Squads Dispatched 1 | . 1 . Investigation . | . . . Extermination . | . . . Reinforcement 1 | . 1 . Assault . | . . . Garrison . | . . . Intercept . | . . . Searches Triggered . | . . . Construction Impeded . | . . . Haulers Reinforced . | . . . Active Scanning Responses . | . . . Cargo Convoy Interrupts . | . . . Stealth | -11 -10 -10 --------- Run | Yrd Mat Sub Distress Signals 1 | . 1 . Communications Jammed . | . . . Distress Signals . | . . . Times Spotted 29 | . 22 7 Peak Tracking Total 5 | . 5 2 Tactical Retreats 1 | . 1 . Traps | -11 -10 -10 ------- Run | Yrd Mat Sub Traps Triggered . | . . . Indirectly . | . . . Trap Hack Attempts . | . . . Triggered . | . . . Disarmed . | . . . Reprogrammed . | . . . Reused . | . . . Traps Extracted . | . . . Installed . | . . . Triggered . | . . . Machines | -11 -10 -10 ---------- Run | Yrd Mat Sub Machines Disabled . | . . . Max in Single Turn . | . . . Machines Repaired . | . . . Machines Dismantled . | . . . Machines Sabotaged . | . . . Overloaded Fab Kills . | . . . Hacking | -11 -10 -10 --------- Run | Yrd Mat Sub Machines Accessed 2 | . 2 . Terminals 2 | . 2 . Fabricators . | . . . Repair Stations . | . . . Recycling Units . | . . . Scanalyzers . | . . . Garrison Access . | . . . Total Hacks 6 | . 6 . Successful 1 | . 1 . Failed 4 | . 4 . Catastrophic . | . . . Database Lockouts 1 | . 1 . Manual 6 | . 6 . Terminals 6 | . 6 . Fabricators . | . . . Repair Stations . | . . . Recycling Units . | . . . Scanalyzers . | . . . Garrison Access . | . . . Terminal Hacks 1 | . 1 . Robot Analysis 1 | . 1 . Fabricator Hacks . | . . . Repair Station Hacks . | . . . Recycling Unit Hacks . | . . . Scanalyzer . | . . . Garrison Access Hacks . | . . . Unauthorized Hacks . | . . . Terminals . | . . . Fabricators . | . . . Repair Stations . | . . . Recycling Units . | . . . Scanalyzers . | . . . Garrison Access . | . . . Data Cores Recovered 1 | . 1 . Used . | . . . Hacking Detections 1 | . 1 . Full Trace Events . | . . . Feedback Events . | . . . Feedback Blocked . | . . . Robot Schematics Acquired . | . . . Robots Built . | . . . Authchips . | . . . Time . | . . . Total Robot Build Rating . | . . . Part Schematics Acquired . | . . . Parts Built . | . . . Authchips . | . . . Time . | . . . Total Part Build Rating . | . . . Parts Repaired . | . . . Time . | . . . Parts Recycled . | . . . Recycled Matter . | . . . Retrieved Matter . | . . . Retrieved Components . | . . . Parts Scanalyzed . | . . . Part Schematics Acquired . | . . . Parts Damaged . | . . . Bothacking | -11 -10 -10 ------------ Run | Yrd Mat Sub Used RIF Installer . | . . . Robots Hacked . | . . . Non-combat . | . . . Combat . | . . . Robot Hacks Applied . | . . . Relay Couplers Released . | . . . Fabnet Peak Effective % . | . . . Robots Rewired . | . . . Allies Hacked . | . . . Hacks Repelled . | . . . Allies | -11 -10 -10 -------- Run | Yrd Mat Sub Total Allies . | . . . Largest Group . | . . . Highest-Rated Group . | . . . Highest-Rated Ally . | . . . Total Orders . | . . . Ally Attacks . | . . . Total Damage . | . . . Kills . | . . . Allies Corrupted . | . . . Allies Melted . | . . . Intel | -11 -10 -10 ------- Run | Yrd Mat Sub Active Infowar (turns) 1545 | . 1312 233 Seismic 1545 | . 1312 233 Robot Analysis Total 1 | . 1 . Derelict Logs Recovered 1 | . . 1 Drone Launches . | . . . Drone Recoveries . | . . . Exploration | -11 -10 -10 ------------- Run | Yrd Mat Sub Turns Passed 2851 | . 1329 1522 Spaces Moved 1204 | 1 339 864 Core . | . . . Treads 98 | . . 98 Legs 343 | 1 339 3 Wheels 763 | . . 763 Hover . | . . . Flight . | . . . Fastest Speed 120 | 120 120 140 Average Speed 210 | 120 335 161 Slowest Speed 400 | 120 400 400 Overloaded Moves . | . . . Propulsion Burnouts . | . . . Robots Hopped . | . . . Potential Cave-ins . | . . . Cave-ins Triggered . | . . . Exploration Rate (%) 37 | 1 61 50 Regions Visited 2 Branch Regions 1 Pre-discovered Areas . | . . . Known Exits Taken . | . . . Unknown Exits Taken 2 | 1 1 . Scrap Searched 4 | . . 4 Spaces Dug . | . . . Terrain Destroyed 1 | . . 1 Melee . | . . . Projectile 1 | . . 1 AOE . | . . . Terrain Rammed . | . . . Walls Destroyed . | . . . Machines Disabled . | . . . Actions | -11 -10 -10 --------- Run | Yrd Mat Sub Total 1377 | . 441 936 Wait 49 | . 35 14 Move 1202 | . 338 864 Hop . | . . . Pick Up 29 | . 18 11 Fast Attach 1 | . 1 . Attach 6 | . 2 4 Detach . | . . . Swap 9 | . 3 6 Drop 7 | . . 7 Fire 72 | . 42 30 Melee . | . . . Ram . | . . . Kick 2 | . 2 . Crush . | . . . Escape Stasis . | . . . Rewire . | . . . Trap . | . . . Miscellaneous . | . . . Route ------- -11/Scrapyard -10/Materials (discovered 4 exits: [*Mat x2] / [*Min] / [*Sub]) -10/Subcaves (discovered 4 exits: [*Mat x2] / Rec / [*Scr]) History --------- Turn | Location | Event 1 | -11/Scrapyard | Discovered new exit (range 0) 1 | -11/Scrapyard | Entered Materials 119 | -10/Materials | Discovered new exit (range 10) 317 | -10/Materials | Build established: Mutant 804 | -10/Materials | Central database locked down 976 | -10/Materials | Discovered new exit (range 8) 1077 | -10/Materials | Core integrity fell below 50% 1259 | -10/Materials | Discovered new exit (range 8) 1307 | -10/Materials | Discovered new exit (range 5) 1330 | -10/Materials | Entered Subcaves 1331 | -10/Subcaves | Approached by a straggling Scientist 1380 | -10/Subcaves | Scientist uncovered a shortcut to Scraptown 1422 | -10/Subcaves | Shifting Twisted Machinery released Riot Gun 1431 | -10/Subcaves | Shifting Twisted Machinery released Sub. Power Source 1536 | -10/Subcaves | Discovered new exit (range 9) 1631 | -10/Subcaves | A swath of the cavern ceiling suddenly collapsed 2165 | -10/Subcaves | Identified exit to Recycling 2219 | -10/Subcaves | Discovered new exit (range 14) 2507 | -10/Subcaves | Shifting Twisted Machinery released Sub. Shrapnel Launcher 2554 | -10/Subcaves | Lost 3 parts (2n1w) 2852 | -10/Subcaves | Destroyed by 87-5TR(R) with Subdweller Shrapnel Launcher Last Messages --------------- 02161_ Subatomizers dissect the Disposable Heat Sink. 02165_ Acquired derelict log, extracted data. Loading 1 Subcaves exit... 02207_ Acquired 10 matter. 02214_ Subatomizers dissect the Aluminum Leg. 02219_ EXIT=FOUND 02223_ 2H-DQJ(R): "OHNO!" 02245_ 2H-DQJ(R) destroyed. 02261_ Acquired Sub. Machine Gun. 02378_ Subatomizers dissect the Wheel. 02441_ EL-1O4(u) builds Twisted Machinery. Sub. Shrapnel Launcher falls loose from the Twisted Machinery. 02507_ XG-N91(R): "ECOKILL!" 02517_ Sub. Laser destroyed. 02519_ Wheel destroyed. 02528_ XG-N91(R) suffers critical hit (Destroy). 02528_ XG-N91(R) destroyed. 02538_ Acquired 31 matter. 02563_ Acquired Sub. Shrapnel Launcher. 02671_ Subatomizers dissect the Wheel. Map ----- +----------------------------------------------------+ | ??????????????# " #?????????? | | ??????????????# """ "" ##?????????? | | ??????????????## ## """ ### #??????????? | | ???????????????## ### """ #??? #?????????? | | ????????????????# #?# ### " ##??? #????????? | | ????????????????# ##?###?# "" #?????##????????? | | ????????????????###?????## """ #???????????????? | | ????????????????####???## """" #???????????????? | | ????????????????# ##### """ ##???????????????? | | ????????????????# "" #????????????????? | | ???????????????## ## ## #???????????????? | | ???????????????# ## ##### #?????????????? | | ???????????????# ### ###???? ###?????????????? | | ????????######## #?###?????? #???????????????? | | ????????# % ##?????????? #???????????????? | | ????????# ##### #?####??????????????????????? | | ????????# ##???## # # ???????????????????????? | | ????????# #?????# % ???????????????????????? | | ????????# #????## # #??????????????????????? | | ????????# ##??## ### ##??????????????????????? | | ????????# #### # ## ######??????????????????? | | ????????## # ##;; ;;#;#??????????????????? | | ?????????####### #; #???????????????????? | | ???????????????# #; ! ;#???????????????????? | | ???????????????# ## ;#???????????????????? | | ??????????????## @ ;###?????????????????? | | ??????????????# #?????????????????? | | ??????????????##### #?????????????? | | ??????????????????## #?????????????? | | ???????????????????# ; ##?????????????? | | ???????????????????#;;; ### ##??????????????? | | ??????????????????? ;; ;?? #???????????????? | | ?????????????????? #?? #???????????????? | | ????????????????? ??##???????????????? | | ????????????????# # ??????????????????? | | ????????????????# ?????????????????? | | ???????????????? # *;# #????????????????? | | ???????????????### ##;RR;# ? #????????????????? | | ????????????????? ?? ? ?????????????????? | | ??????????????????????? ????????????????????? | | ??????????????????????? ????????????????????? | | ??????????????????????? ??????????????????????? | | ????????????????????????????????????????????????? | | ????????????????????????????????????????????????? | | ????????????????????????????????????????????????? | | ????????????????????????????????????????????????? | | ????????????????????????????????????????????????? | | ????????????????????????????????????????????????? | | ????????????????????????????????????????????????? | | ????????????????????????????????????????????????? | +----------------------------------------------------+ Best States ------------- Heat Dissipation 39 Energy Generation 10 Energy Capacity 250 Matter Stores 300 Matter Capacity 300 Sight Range 16 Terrain Scan Density 10 Evasion (%) 55 Recoil Reduction 2 Item Schematics ----------------- None Robot Schematics ------------------ None Fabricated ------------ Nothing Repaired ---------- Nothing Alien Tech Used ----------------- None Achievements -------------- None Challenges ------------ None Game ------ Seed WeaponCorruptionBallwheel Manual? 0 Play Time 00:12:55 Cumulative 410.6 hours Start 2025.08.12 @ 21:07:42 End 2025.08.12 @ 21:16:17 Sessions 1 Manual Loads 0 Difficulty Rogue Special Mode None Game No. 518 Rogue 518 Adventurer 0 Explorer 0 Win Type - Total 32 Types 16/1/9/1/1/1/0/1/1/1 Lore% 88 Gallery% 83 Achievement% 77 Wizard Run 0 Options --------- Layout 0 ASCII 0 Keyboard 0 Movement Numpad Keybinds 0 Fullscreen 1 Font 18/SmallcapsGlow Map View 76x50 Zoom Use 0% Tactical HUD 1 Map Filters NONE Filters NONE Steam 1 RUN: 0149eed0-f616-44a6-881a-51568a3aa0c4